 Dungeon Crawl Stone Soup version 0.29-a0-334-gb41bcbb86e (webtiles) character file.

Game seed: 13339902939801382555

24 Gerhazo the Digger (level 3, 0/19 HPs)
             Began as a Gargoyle Earth Elementalist on Apr 15, 2022.
             Killed from afar by an orc wizard (6 damage)
             ... with a puff of flame
             ... on level 3 of the Dungeon.
             The game lasted 00:02:20 (941 turns).

Gerhazo the Digger (Gargoyle Earth Elementalist)     Turns: 941, Time: 00:02:21

Health: 0/19       AC:  5    Str: 11    XL:     3   Next: 2%
Magic:  4/6        EV: 11    Int: 17    God:
Gold:   54         SH:  0    Dex: 10    Spells: 5/6 levels left

rFire   . . .      SeeInvis .   d - +0 dagger
rCold   . . .      Faith    .   (no shield)
rNeg    + . .      Spirit   .   b - +0 robe
rPois   ∞          Reflect  .   (no helmet)
rElec   +          Harm     .   (no cloak)
rCorr   .          Rampage  .   (no gloves)
Will    .....                   (no boots)
Stlth   +.........              (no amulet)
HPRegen 0.06/turn               (no ring)
MPRegen 0.10/turn               (no ring)

@: confused
A: sickness immunity, AC +3, negative energy resistance 1, electricity
resistance, torment resistance 1, petrification resistance
a: no special abilities


You were on level 3 of the Dungeon.
You visited 1 branch of the dungeon, and saw 3 of its levels.

You collected 54 gold pieces.

Inventory:

Hand Weapons
 d - a +0 dagger (weapon)
Missiles
 a - 20 stones
Armour
 b - a +0 robe (worn)
Scrolls
 g - a scroll of noise {unknown}
 h - 3 scrolls of teleportation {unknown}
Potions
 c - a potion of magic
 e - a potion of attraction {unknown}
 f - a potion of curing {unknown}
 i - a potion of lignification {unknown}
 j - a potion of resistance {unknown}
 k - a potion of degeneration {unknown}
 l - 2 potions of might {unknown}


   Skills:
 - Level 1.5 Dodging
 - Level 2.1 Stealth
 + Level 2.3 Spellcasting
 + Level 1.1 Conjurations
 - Level 0.7 Transmutations
 * Level 4.4 Earth Magic


You had 5 spell levels left.
You knew the following spells:

 Your Spells              Type           Power      Damage    Failure   Level
a - Sandblast             Erth           32%        2d9       3%          1

Your spell library contained the following spells:

 Spells                   Type           Power      Damage    Failure   Level
 Passwall                 Tmut/Erth      8%         N/A       10%         2
 Stone Arrow              Conj/Erth      22%        3d8       19%         3
 Summon Guardian Golem    Hex/Summ       1%         N/A       50%         3
 Petrify                  Tmut/Erth      10%        N/A       54%         4
 Orb of Destruction       Conj           2%         9d5       100%        7
 Spellforged Servitor     Conj/Summ      1%         N/A       100%        7


Dungeon Overview and Level Annotations

Branches:
Dungeon (3/15)

Altars:

Shops:
D:1 =


Innate Abilities, Weirdness & Mutations

You are immune to sickness and miasma.
Your stone body is resilient. (AC +3)
You are immune to poison.
You resist negative energy. (rN+)
You are resistant to electric shocks. (rElec)
You are resistant to unholy torment.
You are immune to petrification.


Message History

You barely miss the orc. Your punch misses the orc.
The orc hits you but does no damage.
You hit the orc but do no damage. The orc barely misses you.
The orc attacks as you move away! The orc hits you but does no damage.
You closely miss the orc. The orc hits you but does no damage.
You barely miss the orc. The orc hits you but does no damage.
You closely miss the orc. The orc closely misses you.
You closely miss the orc. The orc hits you with a +0 dagger.
You closely miss the orc. The orc hits you but does no damage.
An orc wizard comes into view. It is wielding a +0 dagger.
You hit the orc but do no damage. The orc wizard casts a spell at you.
You are confused.
The orc hits you but does no damage.
You're too confused to cast spells.
You closely miss the orc wizard.
A hobgoblin comes into view.
The orc barely misses you.
The orc wizard gestures at you while chanting.
You are more confused.
You bump into the rock wall.
The orc wizard hits you with a +0 dagger.
The orc hits you but does no damage.
You bump into the rock wall.
The orc hits you with a +0 dagger. The orc wizard barely misses you.
The orc attacks as you move away! The orc closely misses you.
The orc wizard hits you but does no damage.
The orc hits you with a +0 dagger. The orc wizard casts a spell at you.
You are more confused.
The hobgoblin barely misses you.
You are too confused!
Unknown command.
The orc attacks as you move away! The orc hits you with a +0 dagger.
The orc wizard attacks as you move away!
The orc wizard misses you. The orc attacks as you move away!
The orc closely misses you.
The orc wizard gestures at you while chanting.
The puff of flame hits you.
You die...

#.# #.# #.#
#.######. #
#.##..... #
##.##.##..#####..###
#.....o......)......
.##@##g.###.......
#...oo.# .##.###
##.##..# .# # #.
#.##..# .# ####.
#.##..# .#
.....##.##..###.#
#>..............
####...........
..............#


You could see an orc wizard and 2 orcs.

Vanquished Creatures
  An orc (D:3)
  3 ball pythons
  2 endoplasms (D:1)
  2 giant cockroaches (D:1)
  A hobgoblin (D:1)
  A quokka (D:1)
  4 bats (D:1)
  A frilled lizard (D:1)
  A goblin (D:1)
  2 kobolds (D:1)
  6 rats
24 creatures vanquished.

Notes
Turn   | Place    | Note
-------+----------+-------------------------------------------
     0 | D:1      | Gerhazo the Gargoyle Earth Elementalist began the quest for
                  | the Orb.
     0 | D:1      | Reached XP level 1. HP: 10/10 MP: 3/3
   126 | D:1      | Reached skill level 4 in Earth Magic
   126 | D:1      | Reached XP level 2. HP: 8/15 MP: 0/5
   277 | D:1      | Found Yraamuin's Jewellery Emporium.
   554 | D:1      | Reached skill level 1 in Conjurations
   920 | D:3      | Reached XP level 3. HP: 15/19 MP: 2/6
   941 | D:3      | Killed from afar by an orc wizard

Illustrated notes

Levels and vault maps discovered:
D:1:      noname_arrival_rooms_in_the_neighbourhood, layout_rooms,
          basic_ecumenical_altar, serial_shops, shop
D:2:      kennysheep_the_goblin_king, layout_basic, serial_shops,
          nicolae_shop_statue_plus, uniq_sigmund
D:3:      minmay_chambers_of_threes, layout_basic, uniq_crazy_yiuf_cottage

Skill      XL: |  1  2 |
---------------+-------+-----
Earth Magic    | 4 |  4.4
Conjurations   | 1 |  1.1
Dodging        | |  1.5
Stealth        | |  2.1
Spellcasting   | |  2.3
Transmutations | |  0.7

Action                   || total
-------------------------++-------
Melee: Unarmed           ||     9
       Punch             ||     1
       Dagger            ||    17
 Cast: Sandblast         ||    27
Armor: Robe              ||    20
Dodge: Dodged            ||    26

Table legend: (Time is in decaauts)
 A = Elapsed time spent in this place.
 B = Non-inter-level travel time spent in this place.
 C = Inter-level travel time spent in this place.
 D = Time resting spent in this place.
 E = Time spent auto-exploring this place.
 F = Levels seen in this place.
 G = Mean time per level.
                   A        B        C        D        E       F      G
               +--------+--------+--------+--------+--------+-----+--------+
         Total |    939 |    939 |      0 |    189 |    514 |   3 |  313.0 |
       Dungeon |    939 |    939 |      0 |    189 |    514 |   3 |  313.0 |
               +--------+--------+--------+--------+--------+-----+--------+

Top non-repeatable levels by time:
     D:1: 736 daAuts
     D:2: 132 daAuts
     D:3: 70 daAuts
